 Dungeon Crawl Stone Soup version 0.28.0-1-gb440e238dd (webtiles) character file.

Game seed: 5884348930722886428

67 Kaptain the Digger (level 4, -3/28 HPs)
             Began as an Octopode Earth Elementalist on Feb 21, 2022.
             Slain by Grinder (4 damage)
             ... while paralysed by Grinder
             ... on level 3 of the Dungeon.
             The game lasted 00:05:21 (2799 turns).

Kaptain the Digger (Octopode Earth Elementalist)    Turns: 2799, Time: 00:05:21

Health: -3/28      AC:  1    Str:  7    XL:     4   Next: 18%
Magic:  3/7        EV: -1    Int: 19    God:
Gold:   57         SH:  0    Dex: 12    Spells: 4/8 levels left

rFire   . . .      SeeInvis .   k - +0 hunting sling
rCold   . . .      Faith    .   (no shield)
rNeg    . . .      Spirit   .   (helmet restricted)
rPois   .          Reflect  .   (no amulet)
rElec   .          Harm     .   (no ring)
rCorr   .          Rampage  .   (no ring)
Will    .....                   (no ring)
Stlth   +++.......              (no ring)
HPRegen 0.09/turn               (no ring)
MPRegen 0.10/turn               (no ring)
                                (no ring)
                                (no ring)

@: paralysed, constricted
A: almost no armour, amphibious, 8 rings, camouflage 1, gelatinous body 1,
(nimble swimmer 1), tentacles
a: no special abilities


You were on level 3 of the Dungeon.
You visited 1 branch of the dungeon, and saw 3 of its levels.

You collected 57 gold pieces.

Inventory:

Hand Weapons
 h - a +0 short sword
 k - a +0 hunting sling (weapon)
Missiles
 b - 21 stones
 g - 22 sling bullets (quivered ammo)
Wands
 l - a wand of polymorph (9)
Scrolls
 f - a scroll of torment {unknown}
 i - a scroll of teleportation
 m - a scroll of fog {unknown}
Potions
 d - a potion of curing
 e - a potion of flight {unknown}
 j - a potion of heal wounds {unknown}


   Skills:
 * Level 1.6 Fighting
 + Level 2.3 Dodging
 + Level 3.3 Stealth
 * Level 2.5 Spellcasting
 * Level 0.7 Conjurations
 - Level 1.0 Transmutations
 * Level 3.4 Earth Magic


You had 4 spell levels left.
You knew the following spells:

 Your Spells              Type           Power      Damage    Failure   Level
a - Sandblast             Erth           30%        2d9       3%          1
b - Stone Arrow           Conj/Erth      20%        3d8       21%         3

Your spell library contained the following spells:

 Spells                   Type           Power      Damage    Failure   Level
 Passwall                 Tmut/Erth      8%         N/A       10%         2
 Petrify                  Tmut/Erth      10%        N/A       54%         4


Dungeon Overview and Level Annotations

Branches:
Dungeon (3/15)

Altars:

Shops:
D:1 *=[

Annotations:
D:2 1 runed translucent door, Crazy Yiuf
D:3 Grinder, Robin


Innate Abilities, Weirdness & Mutations

You cannot wear most types of armour.
You are amphibious.
You can wear up to eight rings at the same time.
Your skin changes colour to match your surroundings (Stealth+).
Your rubbery body absorbs attacks. (AC +1, EV +1)
((You are camouflaged when in or above water. (Stealth+)))
You have tentacles for arms and can constrict up to eight enemies at once.


Message History

Confirm with . or Enter, or press ? or * to list all spells.
Aiming: Sandblast (safe; 3% risk of failure)
Press: ? - help, Shift-Dir - straight line, f/p - Grinder
Aim: Grinder (moderately wounded, 77% to hit)
The blast of sand hits Grinder.
Grinder is heavily wounded.
b - 23 stones Grinder blinks!
Casting: Sandblast (safe; 3% risk of failure)
Confirm with . or Enter, or press ? or * to list all spells.
Aiming: Sandblast (safe; 3% risk of failure)
Press: ? - help, Shift-Dir - straight line, f/p - Grinder
Aim: Grinder (heavily wounded, 77% to hit)
The blast of sand hits Grinder.
Grinder is severely wounded.
b - 22 stones Grinder says, "You look like you could use a good racking."
Grinder hits you.
You writhe in agony.
Casting: Sandblast (safe; 3% risk of failure)
Confirm with . or Enter, or press ? or * to list all spells.
Aiming: Sandblast (safe; 3% risk of failure)
Press: ? - help, Shift-Dir - straight line, f/p - Grinder
Aim: Grinder (severely wounded, 77% to hit)
The blast of sand hits Grinder.
Grinder is severely wounded.
b - 21 stones The ball python barely misses you.
The ball python closely misses you. Grinder gestures at you.
You suddenly lose the ability to move!
The ball python bites you. The ball python grabs you.
The ball python constricts you. Grinder hits you.
You writhe in agony.
A bat comes into view.
The ball python bites you.
* * * LOW HITPOINT WARNING * * *
The ball python constricts you.
* * * LOW HITPOINT WARNING * * *
Grinder hits you.
* * * LOW HITPOINT WARNING * * *
You writhe in agony.
You die...

..( #(((.....# ..8
(8..(....# .. ..g......# .
(.g.......# .h ... ..h.
..... ###########......
#.....5@Sl'.>....
###++#####.#########...(..
...........#### .....
####.......# ....
#.#####.# ###
#######.#####.#
..............#
#######.#######
......#.######


You could see Grinder, a ball python and a frilled lizard.

Vanquished Creatures
  3 adders
  7 endoplasms
  2 giant cockroaches
  6 goblins
  2 hobgoblins
  3 jackals (D:1)
  2 quokkas
  4 ball pythons (D:1)
  3 bats
  2 kobolds
  A rat (D:1)
35 creatures vanquished.

Notes
Turn   | Place    | Note
-------+----------+-------------------------------------------
     0 | D:1      | Kaptain the Octopode Earth Elementalist began the quest for
                  | the Orb.
     0 | D:1      | Reached XP level 1. HP: 11/11 MP: 3/3
    31 | D:1      | Found Suittagy's Assorted Antiques.
    57 | D:1      | Found Fistream's Jewellery Shoppe.
   345 | D:1      | Reached XP level 2. HP: 18/18 MP: 3/5
   511 | D:1      | Found a faded altar of an unknown god.
   659 | D:1      | Found Xohi's Antique Armour Boutique.
  1244 | D:2      | Reached skill level 1 in Fighting
  1447 | D:2      | Reached XP level 3. HP: 13/23 MP: 6/6
  1451 | D:2      | Learned a level 3 spell: Stone Arrow
  2043 | D:2      | Found a runed translucent door.
  2044 | D:2      | Noticed Crazy Yiuf
  2450 | D:3      | Reached XP level 4. HP: 28/28 MP: 7/7
  2700 | D:3      | Noticed Robin
  2712 | D:3      | Noticed a phantom
  2785 | D:3      | Noticed Grinder
  2788 | D:3      | Paralysed by Grinder for 6 turns
  2797 | D:3      | Paralysed by Grinder for 4 turns
  2799 | D:3      | HP: 1/28 [Grinder (6)]
  2799 | D:3      | Slain by Grinder

Illustrated notes

Levels and vault maps discovered:
D:1:      kennysheep_arrival_seaside, layout_loops_cross,
          chequers_ecumenical_altar_island, serial_shops, shop,
          nicolae_shop_temple_entry_statues_fountains, nicolae_diamond_shop,
          supply_closet_lemuel
D:2:      layout_rooms, uniq_crazy_yiuf_cottage
D:3:      kennysheep_big_flooded_room, layout_basic, uniq_grinder, uniq_robin

Skill      XL: |  1  2 |
---------------+-------+-----
Stealth        | 3 |  3.3
Fighting       | 1 |  1.6
Dodging        | |  2.3
Spellcasting   | |  2.5
Conjurations   | |  0.7
Transmutations | |  1.0
Earth Magic    | |  3.4

Action                   |  1- 3 |  4- 6 || total
-------------------------+-------+-------++-------
Melee: Short sword       |    12 |       ||    12
       Punch             |     2 |       ||     2
       Tentacles         |     2 |       ||     2
       Constrict         |     1 |       ||     1
 Fire: Hunting sling     |    27 |    13 ||    40
 Cast: Sandblast         |    31 |     4 ||    35
  Use: Scroll            |     2 |     1 ||     3
       Potion            |     2 |       ||     2
 Stab: Sleeping          |     3 |       ||     3
Armor: Skin              |     3 |       ||     3
Dodge: Dodged            |    18 |     2 ||    20
